 Seeded DCSS version 0.30-a0-986-g7f2e898f52 (webtiles) character file.

Game seed: 3425090202442293766 (custom seed)

14112 DeathPants the Cleaver (level 12, 0/67 HPs)
             Began as a Vine Stalker Fighter on Apr 1, 2023.
             Was an Initiate of Gozag.
             Slain by a boulder beetle (19 damage)
             ... on level 11 of the Dungeon.
             The game lasted 00:27:50 (9674 turns).

DeathPants the Cleaver (Vine Stalker Fighter)       Turns: 9674, Time: 00:27:51

Health: 0/67       AC: 14    Str: 27    XL:     12   Next: 13%
Magic:  0/13       EV: 10    Int: 17    God:    Gozag
Gold:   2020       SH: 11    Dex: 19    Spells: 4/11 levels left

rFire   . . .      SeeInvis .    a - +2 broad axe
rCold   + . .      Faith    .    c - +0 buckler
rNeg    . . .      Spirit   +    y - +0 chain mail {rC+}
rPois   +          Reflect  +    p - +1 helmet
rElec   .          Rampage  .    (no cloak)
rCorr   .                        s - +2 pair of gloves
Will    +....                    u - +2 pair of boots Stlth
                                 L - amulet of reflection
HPRegen 1.11/turn                o - ring of Buannatauc {rPois Int+7 Dex+4}
MPRegen 0.13/turn                M - +6 ring of strength

@: corroded, studying Long Blades
A: fangs 3, regeneration 1, magic shield, antimagic bite, no potion heal 2
a: Renounce Religion, Potion Petition, Call Merchant, Bribe Branch


You were on level 11 of the Dungeon.
You worshipped Gozag.
Gozag was most pleased with you.
You visited 2 branches of the dungeon, and saw 13 of its levels.
You also visited: Bailey.

You collected 3667 gold pieces.
You spent 1362 gold pieces at shops.
You paid 285 gold pieces to Gozag.

Inventory:

Hand Weapons
 a - a +2 broad axe (weapon)
Missiles
 e - a throwing net (quivered)
 h - 21 poisoned darts
 i - 5 javelins
 n - 5 atropa-tipped darts
 x - 12 boomerangs
 P - 4 curare-tipped darts
Armour
 c - a +0 buckler (worn)
 p - a +1 helmet (worn)
 s - a +2 pair of gloves (worn)
 u - a +2 pair of boots (worn)
 y - a +0 chain mail of cold resistance (worn)
 A - a +2 robe of resistance
Jewellery
 l - a ring of see invisible
 o - the ring of Buannatauc (left hand) {rPois Int+7 Dex+4}
   (You acquired it on level 1 of the Dungeon)

   [ring of poison resistance]

   Int:       It affects your intelligence (+7).
   Dex:       It affects your dexterity (+4).
   rPois:     It protects you from poison.
 L - an amulet of reflection (around neck)
 M - a +6 ring of strength (right hand)
 O - an amulet of regeneration
Wands
 b - a wand of polymorph (3)
 d - a wand of light (4)
 f - a wand of flame (12)
 R - a wand of charming (6)
Scrolls
 g - 4 scrolls of blinking
 q - 3 scrolls of magic mapping
 r - 12 scrolls of teleportation
 v - 2 scrolls of fear
 w - 2 scrolls of silence
 D - 2 scrolls of immolation {unknown}
 E - 4 scrolls of fog
 F - a scroll of amnesia {unknown}
 G - a scroll of vulnerability
 H - a scroll of poison {unknown}
 I - a scroll of brand weapon {unknown}
Potions
 j - 3 potions of magic
 k - 7 potions of curing
 m - 3 potions of resistance
 t - 2 potions of brilliance
 z - a potion of flight
 B - a potion of attraction
 C - 2 potions of ambrosia
 J - 2 potions of lignification
 K - 3 potions of mutation
 N - 2 potions of invisibility {unknown}
 Q - a potion of haste


   Skills:
 + Level 9.7 Fighting
 * Level 13.0 Axes
 + Level 4.8 Armour
 + Level 3.9 Dodging
 - Level 5.2 Shields


You had 4 spell levels left.
You knew the following spells:

 Your Spells              Type           Power      Damage    Failure   Level
a - Haunt                 Necr/Summ      0%         N/A       100%        7

Your spell library contained the following spells:

 Spells                   Type           Power      Damage    Failure   Level
 Blink                    Tloc           0%         N/A       95%         2
 Cigotuvi's Dreadful Rot  Necr/Pois/Air  0%         N/A       95%         2
 Poisonous Vapours        Pois/Air       0%         N/A       95%         2
 Sublimation of Blood     Necr           0%         N/A       95%         2
 Wereblood                Tmut           0%         N/A       95%         2
 Mephitic Cloud           Conj/Pois/Air  0%         N/A       99%         3
 Manifold Assault         Tloc           0%         N/A       100%        4
 Storm Form               Tmut/Air       0%         N/A       100%        7
 Summon Hydra             Summ           0%         N/A       100%        7
 Infestation              Necr           0%         N/A       100%        8
 Animate Dead             Necr           Unusable   N/A       N/A         4

Dungeon Overview and Level Annotations

Branches:
Dungeon (12/15)            Temple (1/1) D:5            Lair (0/5) D:10
    Orc (0/2) D:10         Bailey (visited)

Altars:
Ashenzari
Cheibriados
Dithmenos
Elyvilon
Fedhas
Gozag
Hepliaklqana
Kikubaaqudgha
Makhleb
Nemelex Xobeh
Okawaru
Qazlal
Ru
Sif Muna
Trog
Uskayaw
Vehumet
Wu Jian
Xom
Yredelemnul
Zin
The Shining One

Shops:
D:2 ?(   D:6 *=

Annotations:
D:6 3 runed translucent doors, AwkwardBirdle's ghost, novice DgAE
D:9 2 transporters, relicbr's ghost, journeyman SpDe
D:11 2 transporters, Darkkill's ghost, journeyman MiHu
Temple 4 transporters


Innate Abilities, Weirdness & Mutations

You have razor-sharp teeth.
Your natural rate of healing is unusually fast.
When hurt, damage is shared between your health and your magic reserves.
Your bite disrupts and absorbs the magic of your enemies.
Potions cannot restore your health.


Message History

You block the boulder beetle's attack.
You slash the boulder beetle!
The boulder beetle is lightly wounded.
The boulder beetle misses you.
You slash the boulder beetle! You bite the boulder beetle. You drain its power.
You feel invigorated.
The boulder beetle is moderately wounded.
The boulder beetle bites you but does no damage.
You slash the boulder beetle!
The boulder beetle is heavily wounded.
The boulder beetle bites you!
You slash the boulder beetle!
You bite the boulder beetle, but do no damage.
The boulder beetle is severely wounded.
The boulder beetle leaps!
The acid dragon spits acid at you. The splash of acid hits you.
* * * LOW HITPOINT WARNING * * *
The acid corrodes you! The acid dragon bites you.
* * * LOW HITPOINT WARNING * * *
The acid dragon barely misses you.
The boulder beetle curls into a ball and begins rolling!
The acid dragon bites you.
* * * LOW HITPOINT WARNING * * *
You block the acid dragon's attack.
You hit the acid dragon.
The acid dragon is lightly wounded.
You barely miss the acid dragon. You bite the acid dragon! You drain its power.
You feel invigorated.
The acid dragon is severely wounded.
You block the acid dragon's attack. x2
You hit the acid dragon but do no damage.
You bite the acid dragon. You drain its power.
You feel invigorated.
The acid dragon is almost dead.
You block the acid dragon's attack. The acid dragon claws you.
* * * LOW HITPOINT WARNING * * *
The boulder beetle hits you!!
You die...
Your body crumbles into a pile of gold.

#.##.##.#.##...#...#.#.##.#
#.#[..#.#.......####.#.##.#
#.#.#.#.######### #.#.##.#
#.#...#.##.....# #.#(##.#
#..###.^##.....# #......#
#>## ##.##.....## ###.####
#####.# #.##......# #.#
....#.#####.##......# ##.##
###.....##.## #D@.#. #...# #
#####...#####B#.#.## #...#
.....##..# #..○.....# #...#
..#5...##.###.○#####.# ##.##
#...#..5#.##..°# #.# #.#
.#.##..##.##.°.#####.# #.#
.#[..#.#©..#°.....##.#####.#
)#... ##.........##..<....#
!=.©# #.##.........#######


You could see a boulder beetle (rolling) and an acid dragon.

Vanquished Creatures
  2 vault guards (Bailey)
  A two-headed ogre (D:11)
  Pikel (D:9)
  An ugly thing (D:8)
  A manticore (D:11)
  Psyche (D:9)
  Prince Ribbit (Bailey)
  2 trolls
  Grinder (D:3)
  A hornet (D:8)
  Sigmund (D:3)
  A wyvern (D:10)
  21 yaks
  10 humans
  6 vampire mosquitoes
  A steam dragon (D:8)
  2 wargs (D:10)
  An acid dragon (D:10)
  4 orc warriors
  2 ice beasts
  A sky beast (D:7)
  2 black bears (D:5)
  3 ogres
  2 lemures (D:9)
  4 centaurs
  2 kobold brigands
  A gnoll sergeant (D:6)
  9 bullfrogs
  3 scorpions (D:6)
  5 killer bees (D:11)
  3 howler monkeys (D:7)
  A crimson imp (D:4)
  11 hounds
  A jelly (D:6)
  8 orc priests
  2 sleepcaps (D:6)
  Terence (D:3)
  2 iguanas (D:6)
  6 orc wizards
  3 gnolls (D:6)
  6 adders
  A shadow imp (D:5)
  A worm (D:2)
  14 dart slugs
  34 orcs
  8 ball pythons
  7 bats
  5 endoplasms
  3 giant cockroaches
  12 goblins
  9 hobgoblins
  A jackal (D:7)
  11 kobolds
  A quokka (D:2)
  4 frilled lizards
  A goblin skeleton (D:4)
  A goblin zombie (D:4)
  A hobgoblin zombie (D:4)
  A kobold skeleton (D:4)
  2 kobold zombies (D:4)
  An orc skeleton (D:4)
  13 rats
268 creatures vanquished.

Notes
Turn   | Place    | Note
-------+----------+-------------------------------------------
     0 | D:1      | DeathPants the Vine Stalker Fighter began the quest for the
                  | Orb.
     0 | D:1      | Reached XP level 1. HP: 11/11 MP: 2/2
    55 | D:1      | Reached skill level 2 in Axes
   111 | D:1      | Reached XP level 2. HP: 16/16 MP: 3/3
   569 | D:1      | Found a faded altar of an unknown god.
   649 | D:1      | Reached XP level 3. HP: 20/20 MP: 4/4
   671 | D:1      | Identified 2 scrolls of acquirement
   671 | D:1      | Acquired the ring of Buannatauc {rPois Int+7 Dex+4}
   674 | D:1      | Acquired 457 gold pieces
   906 | D:2      | Gained mutation: Your natural rate of healing is unusually
                  | fast. [Vine Stalker growth]
   906 | D:2      | Reached XP level 4. HP: 24/24 MP: 5/5
   917 | D:2      | Reached skill level 3 in Axes
  1189 | D:2      | Found Nareh's Weapon Boutique.
  1275 | D:2      | Found Lipoy's Magic Scroll Boutique.
  1281 | D:2      | Bought a scroll of blinking for 82 gold pieces
  1281 | D:2      | Bought 2 scrolls of identify for 44 gold pieces
  1281 | D:2      | Bought a scroll of identify for 22 gold pieces
  1281 | D:2      | Bought a scroll of identify for 22 gold pieces
  1281 | D:2      | Bought a scroll of teleportation for 33 gold pieces
  1646 | D:3      | Reached XP level 5. HP: 28/28 MP: 6/6
  1763 | D:4      | Noticed Grinder
  1776 | D:3      | Killed Grinder
  1777 | D:3      | Reached skill level 4 in Axes
  1777 | D:3      | Reached XP level 6. HP: 28/33 MP: 4/7
  1897 | D:3      | Noticed Terence
  1909 | D:3      | Killed Terence
  1987 | D:3      | Noticed Sigmund
  2002 | D:3      | Killed Sigmund
  2003 | D:3      | Reached skill level 5 in Axes
  2003 | D:3      | Reached XP level 7. HP: 38/38 MP: 6/8
  2712 | D:4      | Acquired 1039 gold pieces
  2714 | D:4      | Acquired 1251 gold pieces
  2755 | D:4      | Found a glowing golden altar of the Shining One.
  2837 | D:5      | Entered Level 5 of the Dungeon
  3403 | D:4      | Found an ornate altar of the Wu Jian Council.
  3403 | D:4      | Found a basalt altar of Yredelemnul.
  3404 | D:4      | Found a white marble altar of Elyvilon.
  3926 | D:5      | Identified the +2 robe of a Hundred Friends {rElec Str+4
                  | Int-5 Slay+3}
  4134 | D:5      | Found an iron altar of Okawaru.
  4185 | D:5      | Reached skill level 6 in Axes
  4185 | D:5      | Gained mutation: You have razor-sharp teeth. [Vine Stalker
                  | growth]
  4185 | D:5      | Reached XP level 8. HP: 42/42 MP: 9/9
  4222 | D:5      | Found a staircase to the Ecumenical Temple.
  4245 | D:5      | Reached skill level 5 in Fighting
  4249 | Temple   | Entered the Ecumenical Temple
  4249 | Temple   | Found a transporter.
  4249 | Temple   | Found a transporter.
  4251 | Temple   | Found a transporter.
  4251 | Temple   | Found a transporter.
  4440 | D:5      | Reached skill level 5 in Shields
  4910 | D:6      | Found a bloodstained altar of Trog.
  4926 | D:6      | Reached skill level 7 in Axes
  5048 | D:6      | Found Kausagei's Jewellery Shop.
  5056 | D:6      | Bought an amulet of reflection for 450 gold pieces
  5066 | D:6      | Bought a +6 ring of strength for 540 gold pieces
  5120 | D:6      | Noticed AwkwardBirdle's ghost (novice DgAE)
  5143 | D:6      | Reached XP level 9. HP: 23/48 MP: 10/10
  5230 | D:6      | Reached skill level 8 in Axes
  5351 | D:6      | Found a runed translucent gate.
  5351 | D:6      | Found a runed translucent gate.
  5351 | D:6      | Found a runed translucent gate.
  5465 | D:6      | Found a glowing silver altar of Zin.
  5508 | D:6      | Found Xyeg's General Store.
  5516 | D:6      | Bought a scroll of fear for 52 gold pieces
  5516 | D:6      | Bought 2 scrolls of teleportation for 78 gold pieces
  5516 | D:6      | Bought a scroll of teleportation for 39 gold pieces
  5906 | D:8      | Reached skill level 9 in Axes
  6275 | D:6      | Noticed a rust devil
  6275 | D:6      | Noticed a rust devil
  6358 | D:7      | Reached XP level 10. HP: 29/55 MP: 4/11
  6362 | D:7      | Reached skill level 10 in Axes
  6556 | D:8      | Found a hide-covered altar of Uskayaw.
  6628 | D:8      | Noticed a purple ugly thing
  6640 | D:8      | Killed a purple ugly thing
  6641 | D:8      | Reached skill level 11 in Axes
  6793 | D:8      | Paralysed by a hornet for 2 turns
  7328 | D:9      | Noticed Psyche
  7337 | D:9      | Killed Psyche
  7359 | D:10     | Entered Level 10 of the Dungeon
  7371 | D:9      | Reached skill level 1 in Dodging
  7371 | D:9      | Reached XP level 11. HP: 31/60 MP: 12/12
  7524 | D:10     | Reached skill level 12 in Axes
  7538 | D:10     | Found a flagged portal.
  7558 | Bailey   | Entered a bailey
  7631 | Bailey   | Noticed Prince Ribbit
  7631 | Bailey   | Noticed a vault guard
  7643 | Bailey   | Killed a vault guard
  7651 | Bailey   | Killed Prince Ribbit
  7703 | Bailey   | Noticed a vault guard
  7715 | Bailey   | Killed a vault guard
  7971 | D:9      | Noticed Pikel
  7990 | D:9      | Killed Pikel
  8206 | D:9      | Noticed relicbr's ghost (journeyman SpDe)
  8206 | D:9      | Noticed a moth of wrath
  8319 | D:9      | Found a stormy altar of Qazlal.
  8384 | D:9      | Learned a level 7 spell: Haunt
  8449 | D:9      | Found a transporter.
  8563 | D:9      | Found a transporter.
  8817 | D:10     | Found a staircase to the Lair.
  8922 | D:10     | Found a staircase to the Orcish Mines.
  9008 | D:10     | Found an opulent altar of Gozag.
  9009 | D:10     | Found a sparkling altar of Nemelex Xobeh.
  9016 | D:10     | Became a worshipper of Gozag Ym Sagoz the Greedy
  9340 | D:11     | Noticed a two-headed ogre
  9350 | D:11     | Killed a two-headed ogre
  9351 | D:11     | Reached XP level 12. HP: 61/67 MP: 13/13
  9385 | D:12     | Reached skill level 13 in Axes
  9407 | D:11     | Noticed Darkkill's ghost (journeyman MiHu)
  9418 | D:11     | Found a transporter.
  9568 | D:11     | Found a transporter.
  9660 | D:11     | Noticed a boulder beetle
  9674 | D:11     | Slain by a boulder beetle

Illustrated notes

Levels and vault maps discovered:
D:1:      minmay_arrival_loop, layout_basic, ebering_ecumenical_altar_webs,
          moated_statue, minmay_tetromino_s2
D:2:      minmay_angry_zag, layout_basic, serial_shops,
          nicolae_shop_behind_doors, nicolae_shop_bloodbath_and_beyond,
          minmay_cut_off
D:3:      kennysheep_slugbush, layout_basic, uniq_sigmund, uniq_terence
D:4:      layout_layer_cave, gammafunk_temple_overflow_claw,
          nicolae_tso_besieged_by_evil, minivault_24, uniq_grinder
D:5:      layout_loops_ring, mainiacjoe_overflow_small_starburst,
          minmay_temple_entry_grid, minmay_misc_feat_square
D:6:      cheibrodos_iron_armory, layout_basic, bloody_trog, marbit_many_paths,
          serial_shops, shop, shop, biasface_ghost_orc_armoury,
          minmay_manual_mares
D:7:      erik_cavepeople, layout_basic
D:8:      layout_gridville, nicolae_uskayaw_dance_hall
D:9:      layout_loops_corners, grunt_qazlal_clouds,
          gammafunk_ghost_berserking_beasts, uniq_psyche, uniq_pikel
D:10:     layout_loops_ring, grunt_temple_overflow_opulence,
          erik_lair_orcish_takeover, orc_0_dummy, enter_bailey_5
D:11:     layout_loops_cross, gammafunk_ghost_stat_death
D:12:     layout_long_grid
Temple:   hellmonk_temple_divided_pantheon

Skill      XL: |  1  2  3  4  5  6  7  8  9 10 11 12 |
---------------+-------------------------------------+-----
Axes           | 2 3 4 5 6 7 9 11 12 13 | 13.0
Fighting       | 3 4 5 7 8 9 |  9.7
Shields        | 3 4 5 |  5.2
Dodging        | 1 3 |  3.9
Armour         | 4 |  4.8

Action                     |  1- 3 |  4- 6 |  7- 9 | 10-12 || total
---------------------------+-------+-------+-------+-------++-------
  Melee: War axe           |    67 |    94 |   251 |   199 ||   611
         Bite              |     9 |    18 |    84 |   120 ||   231
         Broad axe         |       |       |       |   165 ||   165
  Throw: Throwing net      |       |     1 |       |     1 ||     2
    Use: Scroll            |     5 |     2 |    12 |    10 ||    29
         Potion            |       |     1 |     2 |     2 ||     5
   Stab: Held in net/web   |       |       |       |     1 ||     1
 Armour: Scale mail        |    36 |    41 |       |       ||    77
         Chain mail        |       |     7 |   119 |   115 ||   241
  Dodge: Dodged            |    40 |    44 |    90 |   116 ||   290
  Block: Buckler           |    20 |    30 |   111 |   183 ||   344
         Reflection        |       |       |     1 |     7 ||     8

Table legend: (Time is in decaauts)
 A = Elapsed time spent in this place.
 B = Non-inter-level travel time spent in this place.
 C = Inter-level travel time spent in this place.
 D = Time resting spent in this place.
 E = Time spent auto-exploring this place.
 F = Levels seen in this place.
 G = Mean time per level.
                   A        B        C        D        E       F      G
               +--------+--------+--------+--------+--------+-----+--------+
         Total |   9817 |   9533 |    284 |    164 |   6520 |  14 |  701.2 |
       Dungeon |   9485 |   9201 |    284 |    164 |   6373 |  12 |  790.4 |
        Temple |     31 |     31 |      0 |      0 |      0 |   1 |   31.0 |
        Bailey |    299 |    299 |      0 |      0 |    147 |   1 |  299.0 |
               +--------+--------+--------+--------+--------+-----+--------+

Top non-repeatable levels by time:
     D:4: 1207 daAuts
     D:6: 1119 daAuts
     D:3: 1034 daAuts
     D:9: 975 daAuts
     D:5: 902 daAuts
     D:2: 879 daAuts
     D:7: 869 daAuts
    D:10: 817 daAuts
     D:1: 706 daAuts
     D:8: 623 daAuts
    D:11: 329 daAuts
  Bailey: 299 daAuts
  Temple: 31 daAuts
    D:12: 21 daAuts
